AoeStats
← chinorron

Arena

510350648Analyzed
2v2 RM · 22h ago on Sep 30, 2026· 35m 56s· 4 players
Game mode
Random Map
Map size
Medium (4 player)
Population
200
Speed
Normal
Resources
Standard
Victory
Conquest
Starting age
Dark Age
Ending age
Imperial Age
RankedLock teamsTeams togetherTeam positionsShared explorationLock speedFull tech treeHidden civsTurbo modeCheats
Victory
Defeat
🇳🇱 Inca · Netherlands
1204
+14
🇨🇦 Celts · Canada
1198
+14
🇪🇸 Italians · Spain
1204
-16
🇯🇵 Cumans · Japan
1118
-12
Whitebear
10:57 Feudal Age
14:53 Castle Age
13:10 Double-Bit Axe
13:26 Horse Collar
14:09 Gold Mining
15:48 Bow Saw
16:47 Wheelbarrow
17:08 Heavy Plow
17:50 Loom
21:36 Town Watch
25:39 Scale Mail Armor
30:55 Imperial Age
28:32 Guard Tower
29:17 Chain Mail Armor
30:27 Forging
29:54 Pikeman
30:19 Gambesons
30:21 Arson
31:12 Hand Cart
31:16 Fortified Wall
31:16 Masonry
31:27 Ballistics
31:03 Murder Holes
31:16 Onager
32:35 Conscription
32:00 Halberdier
34:11 Plate Mail Armor
33:44 Town Patrol
35:49 Chemistry
36:28 Iron Casting
36:24 Siege Engineers
defmester
12:35 Feudal Age
16:06 Castle Age
13:51 Loom
13:59 Horse Collar
27:25 Imperial Age
28:58 Forging
28:49 Scale Mail Armor
chinorron
10:09 Feudal Age
15:16 Castle Age
13:44 Double-Bit Axe
14:04 Loom
14:30 Horse Collar
19:19 Fletching
20:35 Bodkin Arrow
22:47 Wheelbarrow
24:17 Bow Saw
29:29 Imperial Age
27:02 Gold Mining
30:43 Crossbowman
Walter2000
8:52 Feudal Age
9:34 Double-Bit Axe
18:48 Castle Age
17:40 Wheelbarrow
18:45 Horse Collar
19:11 Gold Mining
19:12 Stone Mining
20:03 Bow Saw
19:56 Heavy Plow
20:44 Fletching
21:04 Loom
21:13 Town Watch
22:16 Bodkin Arrow
23:52 Padded Archer Armor
24:11 Bloodlines
25:53 Hand Cart
25:35 Capped Ram
27:20 Leather Archer Armor
27:40 Steppe Husbandry
32:33 Imperial Age
31:05 Gold Shaft Mining
31:51 Thumb Ring
33:48 Forging
33:44 Scale Barding Armor
34:02 Ballistics
34:43 Chemistry
33:16 Elite Steppe Lancer
35:10 Iron Casting
34:51 Light Cavalry
Connection lost

Rejoining the realm…

Still unreachable

The connection could not be restored.

Session expired

The server has moved on; the page needs a fresh start.